 Dungeon Crawl Stone Soup version 0.21.1-1-g345015f (webtiles) character file.

21 tidbits the Shooter (level 2, 0/23 HPs)
             Began as a Gnoll Wanderer on June 8, 2018.
             Slain by a phantom (8 damage)
             ... on level 4 of the Dungeon.
             The game lasted 00:05:46 (340 turns).

tidbits the Shooter (Gnoll Wanderer)                 Turns: 340, Time: 00:05:47

Health: 0/23       AC:  2    Str: 12    XL:     2   Next: 87%
Magic:  0/7        EV: 11    Int: 14    God:
Gold:   33         SH:  0    Dex: 16    Spells: 6/10 levels left

rFire    . . .     SeeInvis .   b - +0 shortbow
rCold    . . .     Gourm    .   (shield currently unavailable)
rNeg     . . .     Faith    .   e - +0 robe
rPois    .         Spirit   .   (no helmet)
rElec    .         Reflect  .   (no cloak)
rCorr    .         Harm     .   (no gloves)
MR       .....                  (no boots)
Stlth    ++........             (no amulet)
HPRegen  0.07/turn              (no ring)
MPRegen  0.10/turn              (no ring)

@: very slightly contaminated
A: distributed training, fangs 1, strong nose
a: no special abilities


You were on level 4 of the Dungeon.
You were not hungry.

You visited 1 branch of the dungeon, and saw 4 of its levels.

You collected 33 gold pieces.

Inventory:

Hand Weapons
 a - a +0 dagger
 b - a +0 shortbow (weapon)
 l - a cursed +0 short sword
Missiles
 c - 60 arrows (quivered)
 g - 49 sling bullets
Armour
 e - a +0 robe (worn)
Scrolls
 i - a scroll of teleportation {unknown}
 j - 3 scrolls of identify {unknown}
Potions
 k - a potion of flight {unknown}
Books
 d - the Reference Book on Fire

   Spells                             Type                      Level
   a - Flame Tongue                   Conjuration/Fire             1
   b - Ignite Poison                  Fire/Transmutation/Poison    3
 h - a book of Callings

   Spells                             Type                      Level
   a - Summon Small Mammal            Summoning                    1
   b - Call Imp                       Summoning                    2
   c - Call Canine Familiar           Summoning                    3
   d - Summon Guardian Golem          Hexes/Summoning              3
   e - Summon Lightning Spire         Summoning/Air                4
   f - Summon Ice Beast               Ice/Summoning                4
Comestibles
 f - 3 rations


   Skills:
 + Level 2.5 Fighting
 + Level 0.5 Short Blades
 + Level 0.5 Long Blades
 + Level 0.5 Axes
 + Level 0.5 Maces & Flails
 + Level 0.5 Polearms
 + Level 0.5 Staves
 + Level 0.5 Slings
 + Level 6.5 Bows
 + Level 0.5 Crossbows
 + Level 0.5 Throwing
 + Level 2.5 Armour
 + Level 0.5 Dodging
 + Level 0.5 Stealth
 + Level 2.5 Shields
 + Level 0.5 Unarmed Combat
 + Level 4.9 Spellcasting
 + Level 0.3 Conjurations
 + Level 0.3 Hexes
 + Level 0.3 Charms
 + Level 2.0 Summonings
 + Level 0.3 Necromancy
 + Level 0.3 Translocations
 + Level 0.3 Transmutations
 + Level 0.3 Fire Magic
 + Level 0.3 Ice Magic
 + Level 0.3 Air Magic
 + Level 0.3 Earth Magic
 + Level 0.3 Poison Magic
 + Level 0.6 Invocations
 + Level 2.5 Evocations


You had 6 spell levels left.
You knew the following spells:

 Your Spells              Type           Power        Failure   Level  Hunger
a - Summon Small Mammal   Summ           #...         8%          1    None
b - Flame Tongue          Conj/Fire      #....        16%         1    None
i - Call Imp              Summ           #.......     12%         2    ##.....


Dungeon Overview and Level Annotations

Branches:
Dungeon (4/15)
 Temple: D:4-7

Altars:

Annotations:
D:3 Ethylacetat's ghost, weakling DsCK


Innate Abilities, Weirdness & Mutations

Your experience applies equally to all skills.
You have very sharp teeth.
Your uncanny sense of smell can sniff out nearby items.


Message History

The phantom barely misses your crimson imp.
Your crimson imp closely misses the phantom.
Your crimson imp blinks!
Firing (i - inventory):
c - 72 arrows (quivered)
Press: ? - help, Shift-Dir - straight line, f - phantom
Aim: a phantom You shoot an arrow.
The arrow hits the phantom.
The phantom is lightly damaged.
Your crimson imp blinks!
Your crimson imp barely misses the phantom.
Firing (i - inventory):
c - 71 arrows (quivered)
Press: ? - help, Shift-Dir - straight line, f/p - phantom
Aim: a phantom (lightly damaged)
You shoot an arrow. The arrow hits the phantom.
The phantom is lightly damaged.
Your crimson imp blinks!
Firing (i - inventory):
c - 70 arrows (quivered)
Press: ? - help, Shift-Dir - straight line, f/p - phantom
Aim: a phantom (lightly damaged)
You shoot an arrow. The arrow barely misses the phantom.
The phantom hits you but does no damage.
Firing (i - inventory):
c - 69 arrows (quivered)
Press: ? - help, Shift-Dir - straight line, f/p - phantom
Aim: a phantom (lightly damaged)
You shoot an arrow. The arrow closely misses the phantom.
Your crimson imp hits the phantom.
The phantom misses you.
Firing (i - inventory):
c - 68 arrows (quivered)
Press: ? - help, Shift-Dir - straight line, f/p - phantom
Aim: a phantom (lightly damaged)
You shoot an arrow. The arrow hits the phantom.
The phantom is moderately damaged.
Your crimson imp hits the phantom but does no damage.
The phantom hits you but does no damage.
Firing (i - inventory):
c - 67 arrows (quivered)
Press: ? - help, Shift-Dir - straight line, f/p - phantom
Aim: a phantom (moderately damaged)
You shoot an arrow. The arrow hits the phantom.
The phantom is heavily damaged.
Your crimson imp misses the phantom.
The phantom hits you.
Firing (i - inventory):
c - 66 arrows (quivered)
Press: ? - help, Shift-Dir - straight line, f/p - phantom
Aim: a phantom (heavily damaged)
You shoot an arrow. The arrow hits the phantom.
The phantom is severely damaged.
Your crimson imp barely misses the phantom.
The phantom barely misses you.
Casting: Call Imp
Confirm with . or Enter, or press ? or * to list all spells.
A shadowy apparition takes form in the air.
Your crimson imp hits the phantom but does no damage.
The phantom hits you!
* * * LOW HITPOINT WARNING * * *
The phantom blinks!
Firing (i - inventory):
c - 65 arrows (quivered)
Press: ? - help, Shift-Dir - straight line, f/p - phantom
Aim: a phantom (severely damaged)
You shoot an arrow. The arrow hits the phantom.
The phantom is severely damaged.
Your crimson imp closely misses the phantom.
Your crimson imp hits the phantom.
The phantom hits you.
* * * LOW HITPOINT WARNING * * *
You swap places.
Your crimson imp misses the phantom.
Your crimson imp blinks!
The phantom barely misses your shadow imp.
Your shadow imp hits the phantom.
Your crimson imp closely misses the phantom.
The phantom closely misses your shadow imp.
Your shadow imp hits the phantom.
Firing (i - inventory):
c - 64 arrows (quivered)
Press: ? - help, Shift-Dir - straight line, f - phantom, p - phantom
Aim: a phantom You shoot an arrow.
The arrow hits the phantom.
The phantom is lightly damaged.
Your crimson imp hits the phantom but does no damage.
The phantom hits your shadow imp!
The phantom blinks!
Your shadow imp barely misses the phantom.
Firing (i - inventory):
c - 63 arrows (quivered)
Press: ? - help, Shift-Dir - straight line, f/p - phantom
Aim: a phantom (lightly damaged)
You shoot an arrow. The arrow hits the phantom.
The phantom is lightly damaged.
The phantom hits your shadow imp.
Your shadow imp dies!
Your crimson imp hits the phantom.
Firing (i - inventory):
c - 62 arrows (quivered)
Press: ? - help, Shift-Dir - straight line, f/p - phantom
Aim: a phantom (lightly damaged)
You shoot an arrow. The arrow closely misses the phantom.
Firing (i - inventory):
c - 61 arrows (quivered)
Press: ? - help, Shift-Dir - straight line, f/p - phantom
Aim: a phantom (lightly damaged)
You shoot an arrow. The arrow closely misses the phantom.
Your crimson imp hits the phantom but does no damage.
The phantom blinks!
Casting: Call Imp
Confirm with . or Enter, or press ? or * to list all spells.
You miscast Summon Small Mammal.
You are very lightly contaminated with residual magic.
Nothing appears to happen.
The phantom hits you!
You die...

#......
#.ยง..#
#.....
#.(#.#
#.5#.#
#(5#.#
#.(#.#
#.W#.#
#.@#<######
#<..........
#.##########
###


You could see a phantom and 2 friendly crimson imps.

Vanquished Creatures
  A dart slug (D:1)
  A ball python (D:1)
  2 goblins (D:1)
  2 hobgoblins
  2 bats
  3 frilled lizards (D:1)
  2 kobolds (D:1)
  2 rats (D:1)
15 creatures vanquished.

Vanquished Creatures (collateral kills)
  A bat (D:3)
  2 giant cockroaches (D:3)
  A hobgoblin (D:2)
4 creatures vanquished.

Grand Total: 19 creatures vanquished

Notes
Turn   | Place    | Note
-------+----------+-------------------------------------------
     0 | D:1      | tidbits the Gnoll Wanderer began the quest for the Orb.
     0 | D:1      | tidbits set off with: a book of Callings, a +0 shortbow, 28 arrows, the Reference Book on Fire, a +0 robe, a ration
     0 | D:1      | Reached XP level 1. HP: 17/17 MP: 6/6
     0 | D:1      | Identified the Reference Book on Fire
     2 | D:1      | Learned a level 1 spell: Summon Small Mammal
     4 | D:1      | Learned a level 1 spell: Flame Tongue
    77 | D:1      | Reached skill level 2 in Summonings
    91 | D:1      | Reached XP level 2. HP: 23/23 MP: 7/7
    95 | D:1      | Learned a level 2 spell: Call Imp
   311 | D:3      | Noticed Ethylacetat's ghost (weakling DsCK)
   319 | D:4      | Noticed a phantom
   322 | D:4      | Noticed a phantom
   340 | D:4      | Slain by a phantom

Skill      XL: |  1 |
---------------+----+-----
Summonings     | 2 |  2.0
Fighting       | |  2.5
Short Blades   | |  0.5
Long Blades    | |  0.5
Axes           | |  0.5
Maces & Flails | |  0.5
Polearms       | |  0.5
Staves         | |  0.5
Slings         | |  0.5
Bows           | |  6.5
Crossbows      | |  0.5
Throwing       | |  0.5
Armour         | |  2.5
Dodging        | |  0.5
Stealth        | |  0.5
Shields        | |  2.5
Unarmed Combat | |  0.5
Spellcasting   | |  4.9
Conjurations   | |  0.3
Hexes          | |  0.3
Charms         | |  0.3
Necromancy     | |  0.3
Translocations | |  0.3
Transmutations | |  0.3
Fire Magic     | |  0.3
Ice Magic      | |  0.3
Air Magic      | |  0.3
Earth Magic    | |  0.3
Poison Magic   | |  0.3
Invocations    | |  0.6
Evocations     | |  2.5

Action                   || total
-------------------------++-------
Melee: Dagger            ||     1
 Fire: Shortbow          ||    47
 Cast: Call Imp          ||     5
       Summon Small Mamm ||     2
 Stab: Sleeping          ||     1
Armor: Robe              ||     7
Dodge: Dodged            ||    21

Table legend:
 A = Turns spent in this place as a percentage of turns spent in the entire game.
 B = Non-inter-level travel turns spent in this place as a percentage of non-inter-level travel turns spent in the entire game.
 C = Inter-level travel turns spent in this place as a percentage of turns spent in this place.
 D = Turns resting spent in this place as a percentage of non-inter-level travel turns spent in this place.
 E = Turns spent auto-exploring this place as a percentage of non-inter-level travel turns spent in this place.
 F = Non-inter-level travel turns spent in this place divided by the number of levels of this place that you've seen.
                   A       B       C       D       E      F
               +-------+-------+-------+-------+-------+----------------------
         Total | 100.0 | 100.0 |   0.0 |   0.0 |   0.0 |  85.0
       Dungeon | 100.0 | 100.0 |   0.0 |   0.0 |   0.0 |  85.0
               +-------+-------+-------+-------+-------+----------------------

Table legend:
 A = Kills in this place as a percentage of kills in entire the game.
 B = Kills by you in this place as a percentage of kills by you in the entire game.
 C = Kills by friends in this place as a percentage of kills by friends in the entire game.
 D = Other kills in this place as a percentage of other kills in the entire game.
 E = Experience gained in this place as a percentage of experience gained in the entire game.
 F = Experience gained in this place divided by the number of levels of this place that you have seen.
                   A       B       C       D       E      F
               +-------+-------+-------+-------+-------+----------------------
         Total | 100.0 | 100.0 | 100.0 |   N/A | 100.0 |   7.8
       Dungeon | 100.0 | 100.0 | 100.0 |   N/A | 100.0 |   7.8
               +-------+-------+-------+-------+-------+----------------------

Vault maps used:
D:1:      saegor_arrival_simple_c, minmay_misc_feat_tiny
D:2:      nicolae_overflow_hidden_temple, uniq_crazy_yiuf_cottage, uniq_jessica
D:3:      serial_glass, glass_columns_b, glass_columns_b, glass_columns_b,
          glass_columns_b, glass_columns_a, glass_columns_a, glass_columns_b,
          glass_columns_c, glass_columns_a, glass_columns_b, st_stairs_5,
          minmay_misc_feat_alley, corexii_leaking_fountain, fedhas_altar_3
D:4:      nemelex_altar_shiori, gammafunk_temple_overflow_forgotten,
          uniq_duvessa, uniq_sigmund
